 Dungeon Crawl Stone Soup version 0.29.1-15-g9cfb28693d (webtiles) character file.

Game seed: 6481651095073294157

2790 booth the Chopper (level 9, 0/62 HPs)
             Began as a Demonspawn Gladiator on Apr 29, 2023.
             Was an Elder of Hepliaklqana.
             Slain by a killer bee (1 damage)
             ... while paralysed by a hornet
             ... on level 7 of the Dungeon on Apr 30, 2023.
             The game lasted 00:40:10 (8658 turns).

booth the Chopper (Demonspawn Gladiator)            Turns: 8658, Time: 00:40:11

Health: 0/62       AC: 10    Str: 17 (19) XL:     9   Next: 43%
Magic:  9/9        EV:  2    Int:  8 (9)  God:    Hepliaklqana [****..]
Gold:   306        SH:  0    Dex: 12 (15) Spells: 8/8 levels left

rFire   + + .      SeeInvis +   a - +2 war axe
rCold   . . .      Faith    .   (no shield)
rNeg    . . .      Spirit   .   F - +0 leather armour {rF+}
rPois   .          Reflect  .   c - +0 helmet
rElec   .          Harm     .   (no cloak)
rCorr   .          Rampage  .   (no gloves)
Will    .....                   (no boots)
Stlth   +.........              (no amulet)
HPRegen 0.20/turn               o - ring of protection from fire
MPRegen 0.11/turn               z - ring of see invisible

@: paralysed, lethally poisoned (0 -> -9), sanguine armoured, slowed
A: reduced essence, hooves 1, ignite blood 1, sanguine armour 1, demonic magic 1
a: Renounce Religion, Recall Ancestor, Ancestor Identity, Transference, Idealise


You were on level 7 of the Dungeon.
You worshipped Hepliaklqana.
Hepliaklqana was greatly pleased with you.
You visited 1 branch of the dungeon, and saw 7 of its levels.

You collected 526 gold pieces.
You spent 220 gold pieces at shops.

Inventory:

Hand Weapons
 a - a +2 war axe (weapon)
 f - a +3 flail of venom
 l - a +0 mace
 C - the +7 Singing Sword {vorpal, sonic wave}
   (You found it on level 5 of the Dungeon)

   It inflicts extra damage upon your enemies.
   It radiates damaging sonic waves as it strikes, especially in combat
   involving dangerous or numerous foes.
Missiles
 d - 3 throwing nets (quivered)
 e - a javelin
 m - 4 silver javelins
 n - 10 boomerangs
 q - 20 poisoned darts
Armour
 c - a +0 helmet (worn)
 r - a +3 ring mail
 F - a +0 leather armour of fire resistance (worn)
Jewellery
 o - a ring of protection from fire (left hand)
 w - a ring of protection from fire
 z - a ring of see invisible (right hand)
Wands
 b - a wand of flame (12)
 E - a wand of iceblast (5)
Scrolls
 h - 3 scrolls of amnesia
 p - 2 scrolls of silence
 u - 2 scrolls of vulnerability
 v - 2 scrolls of magic mapping
 x - 2 scrolls of enchant weapon
 y - a scroll of torment
 A - 3 scrolls of teleportation
 B - 2 scrolls of identify
 H - a scroll of poison
Potions
 g - a potion of berserk rage
 j - 3 potions of might
 k - 2 potions of heal wounds
 s - a potion of brilliance
 t - 3 potions of attraction
 D - a potion of flight
 G - a potion of haste {unknown}


   Skills:
 + Level 5.8 Fighting
 * Level 7.6(7.8) Axes
 + Level 2.4(5.4) Maces & Flails
 + Level 5.2 Throwing
 + Level 2.4 Armour
 + Level 5.7 Dodging


You had 8 spell levels left.
You didn't know any spells.
Your spell library contained the following spells:

 Spells                   Type           Power      Damage    Failure   Level
 Beastly Appendage        Tmut           0%         N/A       45%         1
 Freeze                   Ice            0%         1d3       45%         1
 Magic Dart               Conj           0%         1d3       45%         1
 Summon Small Mammal      Summ           0%         N/A       45%         1
 Call Imp                 Summ           0%         N/A       61%         2
 Static Discharge         Conj/Air       0%         3-3/arc   61%         2
 Wereblood                Tmut           0%         N/A       61%         2
 Call Canine Familiar     Summ           0%         N/A       83%         3
 Frozen Ramparts          Ice            0%         1d1       83%         3
 Mephitic Cloud           Conj/Pois/Air  0%         N/A       83%         3
 Spider Form              Tmut/Pois      0%         N/A       83%         3
 Summon Guardian Golem    Hex/Summ       0%         N/A       83%         3
 Dispel Undead            Necr           0%         3d6       99%         4
 Hailstorm                Conj/Ice       0%         3d3       99%         4
 Sticky Flame             Conj/Fire      0%         2d3       99%         4


Dungeon Overview and Level Annotations

Branches:
Dungeon (7/15)             Temple (0/1) D:6

Altars:
Dithmenos
Hepliaklqana
Qazlal

Shops:
D:5 ?


Innate Abilities, Weirdness & Mutations

Your life essence is reduced to manifest your ancestor. (-10% HP)
You have large cloven feet.
Your demonic aura sometimes causes spilled blood to erupt in flames.
When seriously injured, your blood forms armour. (AC +6)
Spells you cast may paralyse adjacent enemies.


Message History

* * * LOW HITPOINT WARNING * * *
The killer bee stings you.
* * * LOW HITPOINT WARNING * * *
The hornet stings you.
* * * LOW HITPOINT WARNING * * *
You are lethally poisoned!
You feel as though you will be slow longer.
The killer bee barely misses you. The killer bee misses you.
The killer bee barely misses Shipta.
You feel much better.
You feel very sick.
The killer bee barely misses Shipta.
The killer bee closely misses you. The killer bee barely misses you.
The hornet closely misses you.
Shipta points at the killer bee and mumbles some strange words.
The killer bee appears confused.
The killer bee barely misses you. The killer bee stings you!
* * * LOW HITPOINT WARNING * * *
The hornet stings you.
* * * LOW HITPOINT WARNING * * *
You suddenly lose the ability to move!
Shipta hits the killer bee with a +0 dagger of draining.
The killer bee dies!
The killer bee stings you but does no damage.
The killer bee stings you.
* * * LOW HITPOINT WARNING * * *
You feel sick.
The hornet stings you but does no damage.
The killer bee stings you but does no damage.
The killer bee stings you.
* * * LOW HITPOINT WARNING * * *
You are lethally poisoned!
The killer bee poisons you! The hornet stings you.
* * * LOW HITPOINT WARNING * * *
You feel as though you will be slow longer.
The killer bee stings you but does no damage.
The killer bee stings you.
* * * LOW HITPOINT WARNING * * *
* * * LOW HITPOINT WARNING * * *
You feel sick. The killer bee stings you.
You die...

#......... ..
#....##... +#
..
#....########..
..
#.....#........
..
#.....#........
##...##...>....
##...##.R......
#....yyg..†....
#....@yy.......
#....##g...####
#....##....#
#....#........
#....#.........
##...#.........
#####........#
#........#


You could see the friendly Shipta the hexer, a hornet, 3 killer bees and 2
gnolls.

Vanquished Creatures
  A yak (D:4)
  A water moccasin (D:7)
  An ice beast (D:5)
  An orc warrior (D:6)
  An ogre (D:5)
  3 phantoms
  A gnoll sergeant (D:5)
  A necrophage (D:5)
  A scorpion (D:5)
  A water moccasin zombie (D:6)
  A howler monkey (D:6)
  2 hounds
  An orc priest (D:2)
  4 iguanas
  A howler monkey zombie (D:6)
  2 gnolls (D:3)
  8 adders
  A howler monkey skeleton (D:6)
  2 ufetubi (D:5)
  2 worms
  2 dart slugs
  7 orcs
  2 ball pythons
  6 endoplasms
  A giant cockroach (D:4)
  3 hobgoblins
  2 jackals (D:2)
  4 quokkas
  8 bats
  A frilled lizard (D:2)
  9 goblins
  3 kobolds
  A rat (D:3)
85 creatures vanquished.

Vanquished Creatures (collateral kills)
  2 yaks (D:4)
  A sky beast (D:7)
  2 phantoms
  2 necrophages
  2 scorpions (D:5)
  2 killer bees (D:7)
  3 hounds
  A centaur skeleton (D:6)
  A jelly (D:6)
  3 orc priests (D:6)
  2 bullfrog skeletons (D:6)
  Ijyb (D:4)
  An orc wizard (D:2)
  11 gnolls
  4 adders
  A worm (D:5)
  2 dart slugs (D:3)
  4 orcs
  3 ball pythons
  4 endoplasms
  A giant cockroach (D:3)
  A hobgoblin (D:2)
  3 jackals
  A quokka (D:3)
  5 bats (D:5)
  3 frilled lizards
  A goblin (D:4)
  A kobold (D:1)
68 creatures vanquished.

Vanquished Creatures (others)
  6 fungi (D:5)
6 creatures vanquished.

Grand Total: 159 creatures vanquished

Notes
Turn   | Place    | Note
-------+----------+-------------------------------------------
     0 | D:1      | booth the Demonspawn Gladiator began the quest for the Orb.
     0 | D:1      | Reached XP level 1. HP: 16/16 MP: 1/1
    57 | D:1      | Found a faded altar of an unknown god.
    84 | D:1      | Prayed at the altar of an unknown god.
    84 | D:1      | Became a worshipper of Hepliaklqana the Forgotten
    84 | D:1      | Reached * piety under Hepliaklqana
   360 | D:1      | Gained mutation: When seriously injured, your blood forms
                  | armour. (AC +6) [demonic ancestry]
   360 | D:1      | Reached XP level 2. HP: 19/19 MP: 2/2
   377 | D:1      | Reached skill level 3 in Axes
  1277 | D:2      | Reached XP level 3. HP: 24/25 MP: 3/3
  1342 | D:2      | Reached XP level 4. HP: 18/30 MP: 4/4
  2226 | D:3      | Gained mutation: Spells you cast may paralyse adjacent
                  | enemies. [demonic ancestry]
  2226 | D:3      | Reached XP level 5. HP: 26/36 MP: 5/5
  2557 | D:3      | Reached ** piety under Hepliaklqana
  2558 | D:3      | Remembered your ancestor Shipta as a hexer
  2691 | D:3      | Reached skill level 4 in Axes
  3618 | D:4      | Gained mutation: You have large cloven feet. [demonic
                  | ancestry]
  3618 | D:4      | Reached XP level 6. HP: 19/42 MP: 6/6
  4202 | D:4      | Noticed a yak
  4203 | D:4      | Noticed a yak
  4203 | D:4      | Noticed a yak
  4212 | D:4      | Killed a yak
  4215 | D:4      | Killed a yak
  4216 | D:4      | Reached skill level 5 in Axes
  4216 | D:4      | Reached XP level 7. HP: 16/47 MP: 7/7
  4217 | D:4      | Killed a yak
  4624 | D:4      | Noticed Ijyb
  4634 | D:4      | Killed Ijyb
  4855 | D:4      | Reached *** piety under Hepliaklqana
  5180 | D:5      | Entered Level 5 of the Dungeon
  5317 | D:5      | Reached skill level 6 in Axes
  5317 | D:5      | Gained mutation: Your demonic aura sometimes causes spilled
                  | blood to erupt in flames. [demonic ancestry]
  5317 | D:5      | Reached XP level 8. HP: 51/54 MP: 8/8
  5432 | D:5      | Reached skill level 5 in Dodging
  5447 | D:5      | Found Paotiu's Magic Scroll Shoppe.
  5638 | D:5      | Bought a scroll of magic mapping for 97 gold pieces
  5638 | D:5      | Bought a scroll of identify for 26 gold pieces
  5638 | D:5      | Bought a scroll of enchant weapon for 97 gold pieces
  5732 | D:5      | Reached skill level 5 in Fighting
  6401 | D:5      | Reached skill level 1 in Maces & Flails
  6412 | D:5      | Reached skill level 1 in Armour
  6605 | D:5      | Found the +7 Singing Sword {vorpal, sonic wave}
  6868 | D:6      | Reached skill level 7 in Axes
  6983 | D:6      | Found a staircase to the Ecumenical Temple.
  7133 | D:6      | Found a shadowy altar of Dithmenos.
  7230 | D:6      | Reached XP level 9. HP: 27/61 MP: 9/9
  7671 | D:6      | Reached skill level 5 in Throwing
  8122 | D:6      | Found a stormy altar of Qazlal.
  8558 | D:7      | Reached **** piety under Hepliaklqana
  8656 | D:7      | Paralysed by a hornet for 3 turns
  8657 | D:7      | HP: 3/62 [hornet (6)]
  8658 | D:7      | HP: 1/62 [poisoned by a killer bee]
  8658 | D:7      | Slain by a killer bee

Illustrated notes

Levels and vault maps discovered:
D:1:      amcnicky_arrival_abandoned_market, layout_loops_corners,
          basic_ecumenical_altar, hex_tiny, corexii_item_surrounded_by_moat,
          minmay_cupped
D:2:      cheibrodos_pilgrimage, layout_rooms
D:3:      layout_basic
D:4:      layout_layer_cave, minmay_close_crescents, uniq_ijyb
D:5:      old_forge, layout_loops_ring, serial_shops, nicolae_shop_stone
D:6:      layout_gridville, grunt_dithmenos_shadows,
          gammafunk_temple_overflow_pools, minmay_temple_entry_statues,
          serial_undead, serial_undead_b, serial_undead_d, serial_undead_c,
          serial_undead_b
D:7:      layout_gridville

Skill      XL: |  1  2  3  4  5  6  7  8  9 |
---------------+----------------------------+-----
Axes           | 3 4 5 6 7 |  7.6
Throwing       | 2 3 4 5 |  5.2
Dodging        | 3 4 5 |  5.7
Fighting       | 3 4 5 |  5.8
Maces & Flails | 1 2 |  2.4
Armour         | 1 2 |  2.4

Action                   |  1- 3 |  4- 6 |  7- 9 || total
-------------------------+-------+-------+-------++-------
Melee: War axe           |    13 |    16 |   114 ||   143
       Whip              |    39 |       |       ||    39
       Flail             |       |    79 |    34 ||   113
       Kick              |       |     2 |    50 ||    52
       Punch             |       |       |     2 ||     2
Invok: Ancestor Identity |     1 |       |       ||     1
       Recall Ancestor   |       |     1 |     1 ||     2
       Ancestor Life: He |       |     1 |       ||     1
  Use: Scroll            |     3 |     5 |    10 ||    18
       Potion            |       |     1 |     4 ||     5
 Stab: Sleeping          |     1 |       |     1 ||     2
       Distracted        |       |     4 |     1 ||     5
       Confused          |       |     3 |     2 ||     5
Armor: Leather armour    |    18 |    48 |    46 ||   112
Dodge: Dodged            |    20 |    81 |   107 ||   208
